 Dungeon Crawl Stone Soup version 0.21-a0-51-gea492e9 (webtiles) character file.

148 grindst0ne the Skirmisher (level 5, -23/48 HPs)
             Began as a Ghoul Monk on June 12, 2017.
             Annihilated by an ogre
             ... wielding a +0 giant club
              (30 damage)
             ... on level 4 of the Dungeon.
             The game lasted 00:04:11 (3548 turns).

grindst0ne the Skirmisher (Ghoul Monk)              Turns: 3548, Time: 00:04:11

Health: -23/48     AC:  3    Str: 15    XL:     5   Next: 30%
Magic:  4/4        EV: 12    Int:  5    God:
Gold:   226        SH:  0    Dex: 12    Spells: 4/4 levels left

rFire    . . .     SeeInvis .     - Unarmed
rCold    + . .     Gourm    .   (no shield)
rNeg     + + +     Faith    .   o - +0 leather armour
rPois    ∞         Spirit   .   (no helmet)
rElec    .         Reflect  .   (no cloak)
rCorr    .         Harm     .   (no gloves)
MR       .....                  (no boots)
Stlth    ++........             (no amulet)
Regen    0.0/turn               (no ring)
MPRegen  0.1/turn               (no ring)

@: rotting
A: rotting body, claws 1, carnivore 3, cold resistance 1, negative energy
resistance 3, inhibited regeneration, torment resistance, unbreathing
a: no special abilities


You were on level 4 of the Dungeon.
You were not hungry.

You visited 1 branch of the dungeon, and saw 4 of its levels.

You collected 226 gold pieces.

Inventory:

Armour
 a - a +0 robe
 o - a +0 leather armour (worn)
Jewellery
 n - a +3 ring of evasion {unknown}
Scrolls
 c - a scroll of blinking {unknown}
 d - 2 scrolls of teleportation {unknown}
 e - 3 scrolls of magic mapping {unknown}
 h - 8 scrolls of identify {unknown}
 i - a scroll of random uselessness {unknown}
 k - a scroll of remove curse {unknown}
 m - a scroll of immolation {unknown}
 p - a scroll of fog {unknown}
Potions
 g - a potion of curing
 j - a potion of flight
Comestibles
 b - 5 meat rations


   Skills:
 + Level 5.0 Fighting
 - Level 2.6 Dodging
 - Level 2.1 Stealth
 + Level 5.0 Unarmed Combat


You had 4 spell levels left.
You didn't know any spells.

Dungeon Overview and Level Annotations

Branches:
Dungeon (4/15)
 Temple: D:4-7

Altars:
Elyvilon
Makhleb


Innate Abilities, Weirdness & Mutations

Your body is rotting away.
You thrive on raw meat.
You are immune to poison.
You have sharp fingernails.
You are carnivorous and can eat meat at any time.
Your flesh is cold resistant. (rC+)
You are immune to negative energy. (rN+++)
You do not regenerate when monsters are visible.
You are immune to unholy pain and torment.
You can survive without breathing.


Message History

Okay, then.
The helpless ogre fails to defend itself.
You scratch the ogre.
The ogre is moderately wounded.
You scratch the ogre.
The ogre is heavily wounded.
The ogre hits you with a giant club!!
Ouch! That really hurt!
You scratch the ogre.
The ogre is severely wounded.
The ogre hits you with a giant club!!
* * * LOW HITPOINT WARNING * * *
You scratch the ogre but do no damage.
The ogre is severely wounded.
The ogre barely misses you.
You scratch the ogre.
The ogre is severely wounded.
You feel better. The ogre hits you with a giant club!!
Ouch! That really hurt!
You die...

...(..####...##
........<.....#
.......####..## ......#.#
.# .......## ......## ##
......# ##.# ....###
##O#.# #...#######.####@#
.#####
#.#...........%.###......
#.###>#.########...#
#.#.....# #.#.# #.#.###.#
#...# ....# #.# ##.##
....###.# #.# ........#
#.# ......### #.#


You could see an ogre.

Vanquished Creatures
  2 adders (D:3)
  3 gnolls (D:3)
  An ooze (D:1)
  4 worms
  2 dart slugs (D:1)
  2 leopard geckos
  5 orcs
  7 goblins
  13 hobgoblins
  6 jackals
  14 kobolds
  A quokka (D:3)
  A ball python (D:1)
  7 bats
  3 frilled lizards
  3 rats
74 creatures vanquished.

Notes
Turn   | Place    | Note
-------+----------+-------------------------------------------
     0 | D:1      | grindst0ne the Ghoul Monk began the quest for the Orb.
     0 | D:1      | Reached XP level 1. HP: 19/19 MP: 0/0
   268 | D:1      | Reached XP level 2. HP: 22/25 MP: 1/1
   469 | D:1      | Reached XP level 3. HP: 32/33 MP: 2/2
  1713 | D:2      | Reached XP level 4. HP: 16/40 MP: 3/3
  2355 | D:3      | Found a burning altar of Makhleb.
  2489 | D:3      | Found a faded altar of an unknown god.
  2600 | D:3      | Found a white marble altar of Elyvilon.
  2749 | D:3      | Reached XP level 5. HP: 17/47 MP: 4/4
  2754 | D:3      | HP: 1/47 [gnoll/enchanted spear (6)]
  2779 | D:3      | Reached skill level 5 in Unarmed Combat
  2885 | D:3      | Reached skill level 5 in Fighting
  3541 | D:4      | Noticed an ogre
  3545 | D:4      | HP: 2/48 [ogre/giant club (21)]
  3548 | D:4      | Annihilated by an ogre

Vault maps used:
D:1:      minmay_arrival_loop
D:2:      first_bread
D:3:      elyvilon_altar_5, old_standard_altar, chequers_ecumenical_altar_simple
D:4:      kennysheep_kobold_camp, uniq_robin, uniq_crazy_yiuf_cottage

Skill      XL: |  1  2  3  4  5 |
---------------+----------------+-----
Unarmed Combat | 4 5 |  5.0
Fighting       | 4 5 |  5.0
Dodging        | |  2.6
Stealth        | |  2.1

Action                   |  1- 3 |  4- 6 || total
-------------------------+-------+-------++-------
Melee: Unarmed           |   145 |   140 ||   285
       Punch             |     2 |     1 ||     3
  Use: Potion            |       |     5 ||     5
 Stab: Sleeping          |     3 |     2 ||     5
  Eat: Chunk             |     2 |     9 ||    11
Armor: Robe              |    23 |     6 ||    29
       Leather armour    |       |    25 ||    25
Dodge: Dodged            |    89 |    85 ||   174
